 Dungeon Sprint DCSS version 0.17-a0-1404-gb8113a6 (webtiles) character file.

102 shklvsk the Zephyrmancer (level 4, 0/28 HPs)
             Began as a High Elf Air Elementalist on June 21, 2015.
             Was a Follower of Vehumet.
             Killed from afar by a gargoyle (28 damage)
             ... with a stone arrow
             ... in the Dungeon (Sprint IX: "|||||||||||||||||||||||||||||").
             The game lasted 00:02:08 (362 turns).

shklvsk the Zephyrmancer (High Elf Air Elementalist) Turns: 362, Time: 00:02:09

Health: 0/28       AC:  9    Str:  7    XL:     4   Next: 50%
Magic:  12/13      EV: 13    Int: 19    God:    Vehumet [*.....]
Gold:   0          SH:  0    Dex: 16    Spells: 1 memorised, 14 levels left

rFire  . . .     SeeInvis .     n - +2 dire flail (protect)
rCold  . . .     Clarity  .     a - +0 robe
rNeg   . . .     SustAt   .     (no shield)
rPois  .         Gourm    .     r - +0 helmet
rElec  .         Spirit   .     (no cloak)
rCorr  .         Warding  .     s - +0 pair of gloves
rMut   .         NoTele   +     (no boots)
MR     .....                    (no amulet)
Stlth  ++........               (no ring)
                                (no ring)

@: not resistant to hostile enchantments, unstealthy
A: no striking features
a: Renounce Religion


You were in the Dungeon.
You worshipped Vehumet.
Vehumet was aware of your devotion.
You were not hungry.

You visited 1 branch

Inventory:

Hand weapons
 m - a +1 broad axe of chopping
 n - a +2 dire flail of protection (weapon)
 o - a +4 quarterstaff of speed
 p - a +2 rapier of venom
 q - a +2 scimitar of flaming
Armour
 a - a +0 robe (worn)
 r - a +0 helmet (worn)
 s - a +0 pair of gloves (worn)
Magical staves
 l - an uncursed staff of energy
Jewellery
 t - a +3 ring of strength
 u - a +3 ring of strength
Magical devices
 k - a wand of draining (6)
Scrolls
 h - 3 scrolls of remove curse
 i - 2 scrolls of blinking
 j - 2 scrolls of amnesia
Potions
 d - 5 potions of curing
 e - 3 potions of heal wounds
 f - a potion of invisibility
 g - 4 potions of magic
Books
 b - a book of Air

   Spells                             Type                      Level
   a - Shock                          Conjuration/Air              1
   b - Swiftness                      Charms/Air                   2
   c - Repel Missiles                 Charms/Air                   2
   d - Static Discharge               Conjuration/Air              3
   e - Lightning Bolt                 Conjuration/Air              5
Comestibles
 c - a bread ration


   Skills:
 - Level 1.1 Fighting
 + Level 2.2 Dodging
 - Level 2.1 Stealth
 + Level 6.4 Spellcasting
 * Level 1.7 Conjurations
 - Level 9.0 Air Magic


You had 14 spell levels left.
You knew the following spells:

 Your Spells              Type           Power        Failure   Level  Hunger
a - Shock                 Conj/Air       ####         1%          1    None


Dungeon Overview and Level Annotations

Branches:
Dungeon (1/1)

Altars:
Cheibriados
Dithmenos
Elyvilon
Fedhas
Gozag
Kikubaaqudgha
Makhleb
Nemelex Xobeh
Okawaru
Qazlal
Ru
Sif Muna
Trog
Vehumet
Xom
Yredelemnul
Zin
The Shining One
Beogh
Jiyva
Lugonu


Message History

The bolt of negative energy hits the gargoyle.
The gargoyle completely resists.
The gargoyle is lightly damaged.
The bolt of negative energy hits the kobold.
The kobold is drained!
You kill the kobold!
Vehumet accepts your kill.
The bolt of negative energy hits the giant gecko.
The giant gecko is drained!
You kill the giant gecko!
Vehumet accepts your kill.
You can now gain magical power from killing.
Vehumet offers you knowledge of Freeze.
This wand has 6 charges left.
The orc wizard mumbles some strange words.
The orc wizard blinks!
The gargoyle hurls a stone arrow at you.
The stone arrow hits you!
Ouch! That really hurt!
You die...

▓l▓
▓o▓
▓†▓
▓.▓
▓(▓
▓9▓
▓'▓
▓@▓
▓.▓
▓[▓
▓.▓
▓.▓
▓)▓
▓.▓
▓.▓
▓.▓


You could see a gargoyle, an iguana and an orc wizard.

Vanquished Creatures
  A crimson imp (D)
  2 hounds (D)
  A giant gecko (D)
  An orc (D)
  2 bats (D)
  A goblin (D)
  A kobold (D)
  A ball python (D)
  A giant newt (D)
  2 rats (D)
13 creatures vanquished.

Notes
Turn   | Place    | Note
--------------------------------------------------------------
     0 | D        | shklvsk the High Elf Air Elementalist began the quest for the Orb.
     0 | D        | Reached XP level 1. HP: 11/11 MP: 4/4
     5 | D        | Reached skill level 4 in Air Magic
    39 | D        | Noticed a hound
    39 | D        | Noticed a hound
    39 | D        | Noticed a crimson imp
    40 | D        | Reached skill level 5 in Air Magic
    45 | D        | Killed a hound
    45 | D        | Reached skill level 6 in Air Magic
    45 | D        | Reached XP level 2. HP: 12/18 MP: 0/8
    45 | D        | Reached XP level 3. HP: 14/22 MP: 0/10
    51 | D        | Killed a hound
    51 | D        | Reached skill level 5 in Spellcasting
    51 | D        | Reached skill level 8 in Air Magic
    56 | D        | Killed a crimson imp
    56 | D        | Reached skill level 1 in Fighting
    56 | D        | Reached skill level 9 in Air Magic
    56 | D        | Reached XP level 4. HP: 7/28 MP: 1/13
   305 | D        | Found a glowing silver altar of Zin.
   305 | D        | Found a glowing golden altar of the Shining One.
   305 | D        | Found an ancient bone altar of Kikubaaqudgha.
   305 | D        | Found a basalt altar of Yredelemnul.
   305 | D        | Found a shimmering altar of Xom.
   305 | D        | Found a radiant altar of Vehumet.
   306 | D        | Found an iron altar of Okawaru.
   307 | D        | Found a burning altar of Makhleb.
   308 | D        | Found a deep blue altar of Sif Muna.
   309 | D        | Found a bloodstained altar of Trog.
   310 | D        | Found a sparkling altar of Nemelex Xobeh.
   311 | D        | Found a white marble altar of Elyvilon.
   312 | D        | Found a roughly hewn altar of Beogh.
   313 | D        | Became a worshipper of Vehumet
   314 | D        | Found a viscous altar of Jiyva.
   315 | D        | Found a corrupted altar of Lugonu.
   316 | D        | Found a blossoming altar of Fedhas.
   317 | D        | Found a snail-covered altar of Cheibriados.
   318 | D        | Found a shadowy altar of Dithmenos.
   319 | D        | Found a stormy altar of Qazlal.
   320 | D        | Found an opulent altar of Gozag.
   321 | D        | Found a sacrificial altar of Ru.
   360 | D        | Noticed an iguana
   360 | D        | Noticed an orc wizard
   360 | D        | Noticed a gargoyle
   362 | D        | Acquired Vehumet's first power
   362 | D        | Offered knowledge of Freeze by Vehumet.
   362 | D        | Killed from afar by a gargoyle

Vault maps used:
D:        linesprint

Action                   |  1- 3 |  4- 6 || total
-------------------------+-------+-------++-------
Melee: Unarmed           |    10 |       ||    10
 Cast: Shock             |     6 |     1 ||     7
Evoke: Wand              |       |     1 ||     1
  Use: Potion            |     2 |       ||     2
